 Dungeon Crawl Stone Soup version 0.23.1 (webtiles) character file.

Game seed: 0

235568 vishdafish the Blocker (level 20, -8/142 HPs)
             Began as a Gnoll Fighter on Mar 10, 2019.
             Was an Initiate of Gozag.
             Engulfed by a deep elf elementalist's freezing vapour (20 damage)
             ... on level 3 of the Elven Halls on Mar 11, 2019.
             The game lasted 01:23:26 (43088 turns).

vishdafish the Blocker (Gnoll Fighter)             Turns: 43088, Time: 01:23:26

Health: -8/142     AC: 21    Str: 30    XL:     20   Next: 2%
Magic:  0/45       EV: 18    Int: 14    God:    Gozag
Gold:   2273       SH: 16    Dex: 24    Spells: 39/44 levels left

rFire    + . .     SeeInvis +   N - +2 demon blade (elec)
rCold    x . .     Gourm    .   a - +1 shield {AC+3}
rNeg     . . .     Faith    .   V - +7 chain mail "Kableyb" {Int+2}
rPois    .         Spirit   +   h - +2 helmet {SInv}
rElec    +         Reflect  .   (no cloak)
rCorr    .         Harm     .   K - +2 pair of gloves {Str+3}
MR       ++...                  M - +2 pair of boots {run}
Stlth    ++........             b - amulet of guardian spirit
HPRegen  0.33/turn              H - ring "Sodghor" {MR+ MP+9 Dex+4}
MPRegen  0.29/turn              w - ring "Nosk" {Fire rElec Int+2 Dex+4}

@: corroded, heavily drained, quick
A: distributed training, claws 1, fangs 1, hooves 1, frail 1, strong nose
a: Potion Petition, Call Merchant, Bribe Branch, Renounce Religion


You were on level 3 of the Elven Halls.
You worshipped Gozag.
Gozag was most pleased with you.
You were hungry.

You visited 7 branches of the dungeon, and saw 29 of its levels.
You visited the Abyss 1 time.
You also visited: Ice Cave.

You collected 12318 gold pieces.
You spent 2886 gold pieces at shops.
You paid 7159 gold pieces to Gozag.

Inventory:

Hand Weapons
 F - a +0 war axe of electrocution
 I - a +1 war axe of flaming
 N - a +2 demon blade of electrocution (weapon)
Armour
 a - a +1 shield of protection (worn)
 c - a +0 shield
 h - a +2 helmet of see invisible (worn)
 K - a +2 pair of gloves of strength (worn)
 M - a +2 pair of boots of running (worn)
 V - the +7 chain mail "Kableyb" (worn) {Int+2}
   (You bought it in a shop on level 5 of the Lair of Beasts)

   It affects your intelligence (+2).
Jewellery
 b - an amulet of guardian spirit (around neck)
 i - the ring of Sloth {rC+ SInv}
   (You acquired it on level 3 of the Lair of Beasts)

   [ring of protection from cold]

   It protects you from cold.
   It lets you see invisible.
 m - an uncursed ring of fire
 w - the ring "Nosk" (right hand) {Fire rElec Int+2 Dex+4}
   (You took it off a deep elf mage on level 3 of the Elven Halls)

   [ring of fire]

   It enhances your fire magic.
   It affects your intelligence (+2).
   It affects your dexterity (+4).
   It protects you from fire.
   It makes you vulnerable to cold.
   It insulates you from electricity.
 C - an uncursed ring of ice
 H - the ring "Sodghor" (left hand) {MR+ MP+9 Dex+4}
   (You took it off a centaur warrior on level 12 of the Dungeon)

   [ring of dexterity]

   It affects your dexterity (+4).
   It affects your resistance to hostile enchantments.
   It affects your magic capacity (+9).
 P - the ring "Kuqileto" {Int+7 SInv}
   (You took it off a deep elf mage on level 3 of the Elven Halls)

   [ring of see invisible]

   It affects your intelligence (+7).
   It lets you see invisible.
 S - an uncursed ring of protection from fire
Wands
 z - a wand of iceblast (6)
 J - a wand of flame (13)
 R - a wand of random effects (16)
 T - a wand of polymorph (17)
Scrolls
 j - 6 scrolls of enchant weapon
 k - 4 scrolls of immolation
 l - 14 scrolls of remove curse
 o - 9 scrolls of enchant armour
 p - a scroll of vulnerability {unknown}
 q - 4 scrolls of amnesia
 r - 5 scrolls of fear
 t - 3 scrolls of identify
 x - 7 scrolls of magic mapping
 y - 12 scrolls of teleportation
 B - 4 scrolls of noise
 L - 2 scrolls of torment
 O - a scroll of holy word {unknown}
 Q - 2 scrolls of fog {unknown}
Potions
 d - 2 potions of might
 e - 5 potions of haste
 g - a potion of curing
 n - a potion of flight
 s - a potion of cancellation
 u - 5 potions of lignification
 v - 5 potions of brilliance
 D - a potion of ambrosia
 E - 4 potions of degeneration
 G - 4 potions of berserk rage
 U - a potion of mutation
Miscellaneous
 A - a phantom mirror
Comestibles
 f - 7 rations


   Skills:
 + Level 13.9(12.3) Fighting
 + Level 12.6(11.1) Short Blades
 + Level 13.3(11.7) Long Blades
 + Level 12.6(11.1) Axes
 + Level 12.6(11.1) Maces & Flails
 + Level 12.6(11.1) Polearms
 + Level 12.6(11.1) Staves
 + Level 12.6(11.1) Slings
 + Level 12.6(11.1) Bows
 + Level 12.6(11.1) Crossbows
 + Level 12.6(11.1) Throwing
 + Level 13.9(12.3) Armour
 + Level 12.6(11.1) Dodging
 + Level 12.6(11.1) Stealth
 + Level 13.9(12.3) Shields
 + Level 12.6(11.1) Unarmed Combat
 + Level 12.6(11.1) Spellcasting
 + Level 10.8(9.3) Conjurations
 + Level 10.8(9.3) Hexes
 + Level 10.8(9.3) Charms
 + Level 10.8(9.3) Summonings
 + Level 10.8(9.3) Necromancy
 + Level 10.8(9.3) Translocations
 + Level 10.8(9.3) Transmutations
 + Level 10.8(9.3) Fire Magic
 + Level 10.8(9.3) Ice Magic
 + Level 10.8(9.3) Air Magic
 + Level 10.8(9.3) Earth Magic
 + Level 10.8(9.3) Poison Magic
 + Level 13.6(12.0) Invocations
 + Level 12.6(11.1) Evocations


You had 39 spell levels left.
You knew the following spells:

 Your Spells              Type           Power        Failure   Level  Hunger
a - Silence               Hex/Air        ####......   28%         5    #####..

Your spell library contained the following spells:

 Spells                   Type           Power        Failure   Level  Hunger
 Flame Tongue             Conj/Fire      #####        1%          1    None
 Freeze                   Ice            ####         1%          1    None
 Summon Butterflies       Summ           ####....     1%          1    None
 Throw Flame              Conj/Fire      ######       1%          2    None
 Throw Frost              Conj/Ice       ####..       1%          2    None
 Call Canine Familiar     Summ           ####....     3%          3    None
 Conjure Flame            Conj/Fire      ######..     3%          3    None
 Inner Flame              Hex/Fire       ######..     3%          3    None
 Ozocubu's Armour         Chrm/Ice       ####....     3%          3    None
 Cause Fear               Hex            ####......   10%         4    ###....
 Ice Form                 Ice/Tmut       ####....     10%         4    ###....
 Sticky Flame             Conj/Fire      ######..     10%         4    ###....
 Summon Ice Beast         Ice/Summ       ####....     10%         4    ###....
 Throw Icicle             Conj/Ice       ####....     10%         4    ###....
 Fireball                 Conj/Fire      ######....   28%         5    #####..
 Metabolic Englaciation   Hex/Ice        ####......   28%         5    #####..
 Summon Forest            Summ/Tloc      ####......   28%         5    #####..
 Summon Mana Viper        Hex/Summ       ####....     28%         5    #####..
 Yara's Violent Unravell  Hex/Tmut       ####......   28%         5    #####..
 Bolt of Cold             Conj/Ice       ####......   83%         6    ######.
 Deflect Missiles         Chrm/Air       ####......   83%         6    ######.
 Freezing Cloud           Conj/Ice/Air   ####......   83%         6    ######.
 Ozocubu's Refrigeration  Ice            ####......   83%         6    ######.
 Shadow Creatures         Summ           N/A          83%         6    ######.
 Simulacrum               Ice/Necr       ####......   83%         6    ######.
 Summon Hydra             Summ           ####......   100%        7    #######
 Discord                  Hex            ####......   100%        8    #######


Dungeon Overview and Level Annotations

Branches:
Dungeon (15/15)            Temple (1/1) D:6            Lair (6/6) D:11
 Shoals (0/4) Lair:4        Snake (1/4) Lair:3        Slime (0/5) Lair:6
    Orc (2/2) D:10            Elf (3/3) Orc:2        Vaults (0/5) D:13
 Depths (1/5) D:15

Altars:
Ashenzari
Cheibriados
Dithmenos
Fedhas
Gozag
Kikubaaqudgha
Makhleb
Nemelex Xobeh
Okawaru
Sif Muna
Trog
Uskayaw
Wu Jian
Zin
The Shining One
Beogh

Shops:
D:4 }   D:11 [   D:13 ?   D:14 (   Orc:2 (:(%   Elf:1 [   Elf:3 =(   Lair:3 ([?
Lair:5 [


Innate Abilities, Weirdness & Mutations

Your experience applies equally to all skills.
You have very sharp teeth.
Your uncanny sense of smell can sniff out nearby items.
You have sharp fingernails.
You have large cloven feet.
You are frail. (-10% HP)


Message History

You see here a cursed -1 rapier.
The deep elf sorcerer becomes larger for a moment.
You see here a +2 rapier of venom.
The deep elf sorcerer gestures at you while chanting.
The bolt of acid misses you.
Some walls begin to move on their own!
The deep elf sorcerer gestures at you while chanting.
The bolt of acid hits you!!! The acid corrodes you!
You are splashed with acid!
The deep elf elementalist gestures at you while chanting.
The freezing blast misses you.
You hear rumbling.
You are engulfed in freezing vapours.
* * * LOW HITPOINT WARNING * * *
The deep elf sorcerer casts a spell at you.
The bolt of acid hits you!!
* * * LOW HITPOINT WARNING * * *
The acid corrodes you!
You are splashed with acid!
* * * LOW HITPOINT WARNING * * *
You are engulfed in freezing vapours.
You die...
Your body crumbles into a pile of gold.

.......E. #.##.............)..#.[
........# #..............#######(
........# ####.........#....###..
#(......# #.........#...###...
(.......## #.......#...)###....
.........# #......###..###....∩
.......E.# #.°...#....)##......
.E....eE.#####☼○☼.##.#...#.....88
........EEE.ee○○@)..(..........8#
.#.......E....○☼○........#.....88
.#.#.##.E................##......
.#.#.##.######...###.#...###....∩
.#......# #...# #......###....
.#..###.# #...# #.#.....###...
##(.###.# #...# #.##.#.#####..
........######...###.##...[).###(
##..#####........#...##.#..(.(...


You could see a deep elf sorcerer, a deep elf elementalist and 3 earth
elementals.

Vanquished Creatures
  Bai Suzhen (Elf:3)
  Jorgrun (D:15)
  2 deep elf blademasters (Elf:2)
  A deep elf master archer (Elf:3)
  A tentacled starspawn (Abyss:2)
  3 deep elf sorcerers
  A frost giant (D:14)
  3 deep elf elementalists (Elf:3)
  An orc warlord (D:10)
  A stone giant (D:14)
  The ghost of Riymurr the Phalangite, a journeyman MfMo of Hepliaklqana (Lair:5)
  Nessos (D:15)
  A deep elf demonologist (Elf:3)
  6 deep elf annihilators
  Snorg (Orc:1)
  9 deep elf death magi
  The ghost of poirepourri the Eclecticist, a journeyman DECj of Vehumet (D:14)
  2 deep elf high priests (Elf:3)
  2 rakshasas
  A naga warrior (Snake:1)
  5 catoblepae
  7 hydras
  2 anacondas (Snake:1)
  5 centaur warriors
  8 two-headed ogres
  4 vault guards (D:13)
  A death knight (D:12)
  A deep troll earth mage (Depths:1)
  3 naga sharpshooters (Snake:1)
  14 death yaks
  7 orc high priests
  A tengu warrior (D:12)
  20 deep elf knights
  A shock serpent (Snake:1)
  2 skeletal warriors (D:15)
  A fire crab (Lair:6)
  A spatial maelstrom (Abyss:2)
  3 deep trolls (Depths:1)
  3 unseen horrors
  A flayed ghost (D:15)
  A lindwurm (shapeshifter) (D:11)
  22 deep elf archers
  A mana viper (Snake:1)
  2 necromancers
  A harpy (shapeshifter) (Elf:1)
  15 ugly things
  An orc sorcerer (Elf:2)
  8 orc knights
  60 deep elf magi
  A stone giant zombie (D:15)
  A salamander (Snake:1)
  7 manticores
  A frost giant zombie (D:15)
  5 cyclopes
  A wolf spider (shapeshifter) (Elf:3)
  A fire giant zombie (D:15)
  5 centaur zombies
  An eye of devastation (shapeshifter) (D:14)
  An ice statue (IceCv)
  10 elephants
  3 black mambas
  3 naga magi (Snake:1)
  A smoke demon (Abyss:2)
  4 gargoyles
  2 torpor snails
  A spiny frog (shapeshifter) (Elf:1)
  10 spiny frogs
  A rime drake (shapeshifter) (D:15)
  10 rime drakes
  2 yaktaurs
  4 komodo dragons
  2 redback zombies (D:15)
  3 efreet
  10 freezing wraiths (IceCv)
  2 meliai (shapeshifter)
  An ice devil (Abyss:2)
  5 trolls
  3 polar bears
  Grinder (D:6)
  2 raiju
  18 blink frogs
  A spriggan zombie (D:15)
  A wolf spider simulacrum (IceCv)
  2 dream sheep
  22 hippogriffs
  3 slime creatures (D:13)
  7 water elementals
  A spriggan (shapeshifter) (Elf:1)
  2 spriggans
  6 air elementals
  A ynoxinul (Abyss:2)
  A wraith (D:15)
  A hog (shapeshifter) (D:11)
  81 yaks
  A vampire (D:15)
  3 shadows
  A human (shapeshifter) (Elf:3)
  17 wyverns
  A yak (shapeshifter) (Elf:2)
  4 fire elementals
  A fire bat (shapeshifter) (Elf:3)
  7 basilisks
  A steam dragon (D:8)
  A death yak simulacrum (IceCv)
  3 hungry ghosts
  2 wargs
  13 vampire mosquitoes
  5 nagas
  2 acid dragons (D:12)
  A soldier ant (D:10)
  10 water moccasins
  5 hell hounds
  A porcupine (Lair:5)
  36 orc warriors
  4 eyes of draining
  4 sky beasts
  2 black bears
  20 ice beasts
  3 necrophages
  4 boggarts
  2 phantoms
  An alligator simulacrum (IceCv)
  3 centaurs
  14 wolves
  7 ogres
  13 crocodiles
  3 big kobolds
  Blork the orc (D:6)
  17 bullfrogs
  A wyvern zombie (D:10)
  3 earth elementals
  A wyvern skeleton (D:13)
  5 scorpions
  16 killer bees
  7 wights (D:13)
  9 howler monkeys
  4 electric eels
  5 crimson imps
  5 draconian simulacra (IceCv)
  2 quasits
  12 hounds
  8 jellies
  3 bullfrog zombies
  22 orc wizards
  3 bullfrog skeletons
  40 orc priests
  7 centaur skeletons
  Terence (D:2)
  3 iguanas
  7 worker ants
  7 troll simulacra (IceCv)
  A killer bee zombie (D:8)
  A wolf simulacrum (IceCv)
  6 centaur simulacra
  2 worker ant zombies (D:11)
  A gnoll (D:4)
  19 adders
  2 naga simulacra (IceCv)
  2 ogre simulacra (IceCv)
  4 shadow imps
  12 white imps (IceCv)
  2 oozes (Lair:6)
  An adder skeleton (D:6)
  4 worms
  A dart slug (D:3)
  4 leopard geckos
  102 orcs
  11 bats
  6 giant cockroaches
  7 goblins
  5 hobgoblins
  13 jackals
  23 kobolds
  2 quokkas
  10 ball pythons
  4 frilled lizards
  A quokka skeleton (D:5)
  3 rats (D:2)
  4 fungi
  12 plants
  A starspawn tentacle (Abyss:2)
1142 creatures vanquished.

Vanquished Creatures (others)
  25 dancing weapons
  A deep elf mage (Elf:1)
  3 blink frogs (Lair:6)
  A shadow (D:14)
  A yak (D:12)
  An acid dragon (D:14)
  An orc wizard (D:13)
  A bush (Lair:5)
  6 fungi
  8 plants
  3 starspawn tentacles (Abyss:2)
51 creatures vanquished.

Grand Total: 1193 creatures vanquished

Notes
Turn   | Place    | Note
-------+----------+-------------------------------------------
     0 | D:1      | vishdafish the Gnoll Fighter began the quest for the Orb.
     0 | D:1      | Reached XP level 1. HP: 23/23 MP: 1/1
   647 | D:2      | Reached XP level 2. HP: 29/29 MP: 2/2
   735 | D:2      | Noticed Terence
   739 | D:2      | Killed Terence
   739 | D:2      | Reached skill level 1 in Invocations
   739 | D:2      | Reached XP level 3. HP: 31/35 MP: 2/4
   765 | D:2      | Found a deep blue altar of Sif Muna.
   892 | D:2      | Reached skill level 1 in Short Blades
   892 | D:2      | Reached skill level 1 in Axes
   892 | D:2      | Reached skill level 1 in Maces & Flails
   892 | D:2      | Reached skill level 1 in Polearms
   892 | D:2      | Reached skill level 1 in Staves
   892 | D:2      | Reached skill level 1 in Slings
   892 | D:2      | Reached skill level 1 in Bows
   892 | D:2      | Reached skill level 1 in Crossbows
   892 | D:2      | Reached skill level 1 in Throwing
   892 | D:2      | Reached skill level 1 in Dodging
   892 | D:2      | Reached skill level 1 in Stealth
   892 | D:2      | Reached skill level 1 in Unarmed Combat
   892 | D:2      | Reached skill level 1 in Spellcasting
   892 | D:2      | Reached skill level 1 in Evocations
   892 | D:2      | Reached XP level 4. HP: 41/41 MP: 5/5
  1211 | D:2      | Reached skill level 1 in Conjurations
  1211 | D:2      | Reached skill level 1 in Hexes
  1211 | D:2      | Reached skill level 1 in Charms
  1211 | D:2      | Reached skill level 1 in Summonings
  1211 | D:2      | Reached skill level 1 in Necromancy
  1211 | D:2      | Reached skill level 1 in Translocations
  1211 | D:2      | Reached skill level 1 in Transmutations
  1211 | D:2      | Reached skill level 1 in Fire Magic
  1211 | D:2      | Reached skill level 1 in Ice Magic
  1211 | D:2      | Reached skill level 1 in Air Magic
  1211 | D:2      | Reached skill level 1 in Earth Magic
  1211 | D:2      | Reached skill level 1 in Poison Magic
  1435 | D:3      | Reached XP level 5. HP: 22/47 MP: 6/6
  1959 | D:3      | Found an ornate altar of the Wu Jian Council.
  2446 | D:4      | Reached XP level 6. HP: 49/53 MP: 8/8
  2525 | D:4      | Found Jywnayhin's Gadget Emporium.
  2557 | D:4      | Found an iron altar of Okawaru.
  2739 | D:4      | Reached skill level 5 in Long Blades
  2834 | D:4      | Found a burning altar of Makhleb.
  3120 | D:5      | Entered Level 5 of the Dungeon
  3712 | D:5      | Found a bloodstained altar of Trog.
  3717 | D:5      | Reached XP level 7. HP: 59/59 MP: 10/10
  4157 | D:6      | Found a staircase to the Ecumenical Temple.
  4178 | Temple   | Entered the Ecumenical Temple
  4201 | Temple   | Became a worshipper of Gozag Ym Sagoz the Greedy
  4363 | D:6      | You fall through a shaft!
  4741 | D:6      | Reached XP level 8. HP: 55/67 MP: 12/12
  4820 | D:6      | Noticed Grinder
  4825 | D:6      | Paralysed by Grinder for 6 turns
  4831 | D:6      | Killed Grinder
  5008 | D:6      | Noticed Blork the orc
  5021 | D:6      | Killed Blork the orc
  5325 | D:7      | Found a shadowy altar of Dithmenos.
  6112 | D:8      | Found a blossoming altar of Fedhas.
  6121 | D:8      | Reached XP level 9. HP: 59/72 MP: 14/14
  6904 | D:8      | Reached skill level 5 in Invocations
  7523 | D:9      | Reached XP level 10. HP: 80/80 MP: 17/17
  8086 | D:10     | Entered Level 10 of the Dungeon
  8407 | D:10     | Reached skill level 5 in Short Blades
  8407 | D:10     | Reached skill level 5 in Axes
  8407 | D:10     | Reached skill level 5 in Maces & Flails
  8407 | D:10     | Reached skill level 5 in Polearms
  8407 | D:10     | Reached skill level 5 in Staves
  8407 | D:10     | Reached skill level 5 in Slings
  8407 | D:10     | Reached skill level 5 in Bows
  8407 | D:10     | Reached skill level 5 in Crossbows
  8407 | D:10     | Reached skill level 5 in Throwing
  8407 | D:10     | Reached skill level 5 in Dodging
  8407 | D:10     | Reached skill level 5 in Stealth
  8407 | D:10     | Reached skill level 5 in Unarmed Combat
  8407 | D:10     | Reached skill level 5 in Spellcasting
  8407 | D:10     | Reached skill level 5 in Evocations
  8849 | D:10     | Noticed a gargoyle
  8860 | D:10     | Killed a gargoyle
  8866 | D:10     | Killed an unseen horror
  9462 | D:10     | Found a staircase to the Orcish Mines.
  9573 | D:11     | Noticed a cyclops
  9575 | D:11     | Noticed a centaur warrior
  9582 | D:11     | Noticed a deep troll
  9599 | D:11     | Killed a centaur warrior
  9599 | D:11     | Reached XP level 11. HP: 42/87 MP: 19/19
  9608 | D:11     | Noticed a glowing orange brain
  9612 | D:11     | Noticed a lindwurm
  9612 | D:11     | a glowing orange brain changed into a lindwurm
  9614 | D:11     | Killed a cyclops
  9618 | D:11     | Killed a lindwurm
  9618 | D:11     | Reached skill level 5 in Conjurations
  9618 | D:11     | Reached skill level 5 in Hexes
  9618 | D:11     | Reached skill level 5 in Charms
  9618 | D:11     | Reached skill level 5 in Summonings
  9618 | D:11     | Reached skill level 5 in Necromancy
  9618 | D:11     | Reached skill level 5 in Translocations
  9618 | D:11     | Reached skill level 5 in Transmutations
  9618 | D:11     | Reached skill level 5 in Fire Magic
  9618 | D:11     | Reached skill level 5 in Ice Magic
  9618 | D:11     | Reached skill level 5 in Air Magic
  9618 | D:11     | Reached skill level 5 in Earth Magic
  9618 | D:11     | Reached skill level 5 in Poison Magic
 10028 | D:11     | Paralysed by a yaktaur for 6 turns
 10387 | D:11     | Found a staircase to the Lair.
 10416 | D:11     | Noticed a two-headed ogre
 10423 | D:11     | Killed a two-headed ogre
 11363 | D:11     | Bought a +2 pair of gloves of strength for 322 gold pieces
 11363 | D:11     | Bought a +2 pair of boots of running for 622 gold pieces
 11497 | Lair:1   | Entered Level 1 of the Lair of Beasts
 11497 | Lair:1   | Noticed a four-headed hydra
 11502 | Lair:1   | Killed a one-headed hydra
 11907 | Lair:1   | Reached XP level 12. HP: 18/96 MP: 22/22
 11922 | Lair:1   | HP: 4/96 [poisoned by a spiny frog]
 11928 | Lair:1   | HP: 3/96 [poisoned by a spiny frog]
 11934 | Lair:1   | HP: 2/96 [poisoned by a spiny frog]
 11942 | Lair:1   | HP: 3/96 [poisoned by a spiny frog]
 12847 | Lair:2   | Noticed a six-headed hydra
 12867 | Lair:1   | Killed a four-headed hydra
 13316 | Lair:2   | Found a bloodstained altar of Trog.
 14248 | Lair:3   | Found a staircase to the Snake Pit.
 14881 | Lair:3   | Bought a scroll of identify for 28 gold pieces
 14881 | Lair:3   | Bought a scroll of fear for 49 gold pieces
 14881 | Lair:3   | Bought a scroll of identify for 28 gold pieces
 14966 | Lair:4   | Reached skill level 10 in Fighting
 14966 | Lair:4   | Reached skill level 10 in Armour
 14966 | Lair:4   | Reached skill level 10 in Shields
 14997 | Lair:4   | Noticed a death yak
 14997 | Lair:4   | Noticed a death yak
 14997 | Lair:4   | Noticed a death yak
 15002 | Lair:4   | Noticed a death yak
 15008 | Lair:4   | Killed a death yak
 15016 | Lair:4   | Killed a death yak
 15291 | Lair:3   | Killed a death yak
 15291 | Lair:3   | Reached XP level 13. HP: 52/103 MP: 24/24
 16315 | Lair:4   | Found a staircase to the Shoals.
 17059 | Lair:5   | Found a sparkling altar of Nemelex Xobeh.
 17451 | Lair:5   | Noticed Riymurr's ghost (journeyman MfMo)
 17459 | Lair:5   | Found a runed translucent gate.
 17459 | Lair:5   | Found a runed translucent gate.
 17459 | Lair:5   | Found a runed translucent gate.
 17497 | Lair:5   | You fall through a shaft!
 17497 | Lair:6   | Entered Level 6 of the Lair of Beasts
 18538 | Lair:5   | Reached XP level 14. HP: 79/111 MP: 26/26
 19098 | Lair:5   | Killed Riymurr's ghost
 19098 | Lair:5   | Reached skill level 10 in Long Blades
 19479 | Lair:6   | Found a staircase to the Slime Pits.
 20085 | Lair:5   | Bought a scorched chain mail for 266 gold pieces
 20085 | Lair:5   | Bought a pair of scorched boots for 266 gold pieces
 20095 | Lair:5   | Identified the +7 chain mail "Kableyb" {Int+2} (You bought
                  | it in a shop on level 5 of the Lair of Beasts)
 20105 | Lair:5   | Identified the cursed +0 pair of boots of Leaves {*Slow
                  | rPois Stlth+} (You bought it in a shop on level 5 of the
                  | Lair of Beasts)
 20537 | Lair:5   | Reached skill level 10 in Invocations
 20861 | Lair:6   | Identified the Reference Book on Creative Cold
 22202 | Lair:6   | Reached XP level 15. HP: 119/119 MP: 28/28
 22591 | Orc:1    | Entered Level 1 of the Orcish Mines
 22599 | Orc:1    | Found a roughly hewn altar of Beogh.
 22747 | Orc:1    | Noticed an orc warlord
 22792 | D:10     | Killed an orc warlord
 22972 | Orc:1    | Found a roughly hewn altar of Beogh.
 23245 | Orc:2    | Entered Level 2 of the Orcish Mines
 23276 | Orc:2    | Found a staircase to the Elven Halls.
 23294 | Orc:2    | Noticed Snorg
 23444 | Orc:1    | Killed Snorg
 25103 | Orc:2    | Gained mutation: Your magical capacity is low. (-10% MP) [a
                  | neqoxec]
 25741 | Orc:2    | Found Kenloer's Food Shop.
 25744 | Orc:2    | Found Kaecw's Book Boutique.
 25745 | Orc:2    | Found Sagekhis's Antique Weapon Shop.
 25746 | Orc:2    | Found Biaqiphe's Weapon Shop.
 25942 | D:12     | Found a frozen archway.
 25990 | IceCv    | Entered an ice cave
 26225 | IceCv    | Reached skill level 10 in Short Blades
 26225 | IceCv    | Reached skill level 10 in Axes
 26225 | IceCv    | Reached skill level 10 in Maces & Flails
 26225 | IceCv    | Reached skill level 10 in Polearms
 26225 | IceCv    | Reached skill level 10 in Staves
 26225 | IceCv    | Reached skill level 10 in Slings
 26225 | IceCv    | Reached skill level 10 in Bows
 26225 | IceCv    | Reached skill level 10 in Crossbows
 26225 | IceCv    | Reached skill level 10 in Throwing
 26225 | IceCv    | Reached skill level 10 in Dodging
 26225 | IceCv    | Reached skill level 10 in Stealth
 26225 | IceCv    | Reached skill level 10 in Unarmed Combat
 26225 | IceCv    | Reached skill level 10 in Spellcasting
 26225 | IceCv    | Reached skill level 10 in Evocations
 26646 | IceCv    | Found an ancient bone altar of Kikubaaqudgha.
 28112 | D:12     | Identified the +5 quarterstaff of Ufeidum {flame, +Rage
                  | rPois Str-5 Dex+3}
 28112 | D:12     | Identified the ring "Sodghor" {MR+ MP+9 Dex+4}
 28687 | D:12     | Reached XP level 16. HP: 104/127 MP: 27/27
 29052 | Lair:3   | Bought a scroll of teleportation for 42 gold pieces
 29052 | Lair:3   | Bought a scroll of fear for 49 gold pieces
 29052 | Lair:3   | Bought a scroll of acquirement for 728 gold pieces
 29052 | Lair:3   | Bought a scroll of enchant armour for 105 gold pieces
 29059 | Lair:3   | Got a steaming platinum ring
 29061 | Lair:3   | Identified the ring "Nuemixt" {+Fly rC- Str+2 Dex+5} (You
                  | acquired it on level 3 of the Lair of Beasts)
 29069 | Lair:3   | Got a scintillating pewter ring
 29070 | Lair:3   | Identified the ring of Sloth {rC+ SInv} (You acquired it on
                  | level 3 of the Lair of Beasts)
 29100 | Lair:3   | Bought a glowing shield for 180 gold pieces
 29328 | D:13     | You fall through a shaft for 2 floors!
 29328 | D:15     | Entered Level 15 of the Dungeon
 29420 | D:15     | Noticed Jorgrun
 29441 | D:15     | Killed Jorgrun
 29642 | D:15     | Found a staircase to the Depths.
 29754 | D:15     | Noticed Nessos
 29772 | D:15     | Killed Nessos
 30338 | Depths:1 | Entered Level 1 of the Depths
 30345 | Depths:1 | Reached XP level 17. HP: 135/135 MP: 28/28
 30554 | D:14     | Found a transporter.
 30554 | D:14     | Noticed poirepourri's ghost (journeyman DECj)
 30631 | D:14     | Found a transporter.
 30709 | D:14     | Killed poirepourri's ghost
 31144 | D:14     | Found a snail-covered altar of Cheibriados.
 31195 | D:14     | You fall through a shaft!
 31619 | D:13     | Found Bituqi's Magic Scroll Shop.
 31624 | D:13     | Bought a scroll of teleportation for 39 gold pieces
 31624 | D:13     | Bought a scroll of identify for 26 gold pieces
 31624 | D:13     | Bought a scroll of identify for 26 gold pieces
 31624 | D:13     | Bought a scroll of teleportation for 39 gold pieces
 31624 | D:13     | Bought a scroll of identify for 26 gold pieces
 31624 | D:13     | Bought a scroll of magic mapping for 45 gold pieces
 32094 | D:13     | Found a gate to the Vaults.
 32112 | D:13     | Reached XP level 18. HP: 135/142 MP: 29/29
 32843 | Snake:1  | Entered Level 1 of the Snake Pit
 33262 | Snake:1  | HP: 3/142 [naga sharpshooter/bolt (7)]
 33268 | Snake:1  | HP: 6/142 [salamander/+0 halberd (14)]
 33822 | Elf:1    | Entered Level 1 of the Elven Halls
 33829 | Elf:1    | Learned a level 5 spell: Silence
 34344 | Elf:1    | Found a deep blue altar of Sif Muna.
 35113 | Elf:1    | Reached skill level 10 in Conjurations
 35113 | Elf:1    | Reached skill level 10 in Hexes
 35113 | Elf:1    | Reached skill level 10 in Charms
 35113 | Elf:1    | Reached skill level 10 in Summonings
 35113 | Elf:1    | Reached skill level 10 in Necromancy
 35113 | Elf:1    | Reached skill level 10 in Translocations
 35113 | Elf:1    | Reached skill level 10 in Transmutations
 35113 | Elf:1    | Reached skill level 10 in Fire Magic
 35113 | Elf:1    | Reached skill level 10 in Ice Magic
 35113 | Elf:1    | Reached skill level 10 in Air Magic
 35113 | Elf:1    | Reached skill level 10 in Earth Magic
 35113 | Elf:1    | Reached skill level 10 in Poison Magic
 35649 | Elf:1    | Found Amemn's Armour Boutique.
 36588 | Elf:2    | Found a huge runed gate.
 36588 | Elf:2    | Found a huge runed gate.
 36589 | Elf:2    | Found a huge runed gate.
 36591 | Elf:2    | Found a huge runed gate.
 36591 | Elf:2    | Found a huge runed gate.
 36591 | Elf:2    | Found a huge runed gate.
 36592 | Elf:2    | Found a huge runed gate.
 36593 | Elf:2    | Found a huge runed gate.
 36594 | Elf:2    | Found a huge runed gate.
 36595 | Elf:2    | Found a huge runed gate.
 36596 | Elf:2    | Found a huge runed gate.
 36597 | Elf:2    | Found a huge runed gate.
 36607 | Elf:2    | Found a huge runed gate.
 36607 | Elf:2    | Found a huge runed gate.
 36607 | Elf:2    | Found a huge runed gate.
 36607 | Elf:2    | Found a huge runed gate.
 36607 | Elf:2    | Found a huge runed gate.
 36607 | Elf:2    | Found a huge runed gate.
 36607 | Elf:2    | Found a huge runed gate.
 36636 | Elf:2    | Found a huge runed gate.
 36636 | Elf:2    | Found a huge runed gate.
 36643 | Elf:2    | Found a huge runed gate.
 36643 | Elf:2    | Found a huge runed gate.
 36643 | Elf:2    | Found a huge runed gate.
 36643 | Elf:2    | Found a huge runed gate.
 36709 | Elf:2    | Found a huge runed translucent gate.
 36709 | Elf:2    | Found a huge runed translucent gate.
 36709 | Elf:2    | Found a huge runed translucent gate.
 36709 | Elf:2    | Found a huge runed translucent gate.
 36709 | Elf:2    | Found a huge runed translucent gate.
 36762 | Elf:2    | Reached XP level 19. HP: 107/149 MP: 31/31
 39543 | Elf:3    | Entered Level 3 of the Elven Halls
 39544 | Elf:3    | Found Viup's Jewellery Shoppe.
 39550 | Elf:3    | Found Perphut's Weapon Emporium.
 39859 | Elf:3    | Noticed Bai Suzhen
 39895 | Elf:3    | Killed Bai Suzhen
 40578 | Elf:3    | Identified the ring "Nosk" {Fire rElec Int+2 Dex+4}
 40579 | Elf:3    | Cast into level 2 of the Abyss (a deep elf demonologist)
 40798 | Abyss:2  | Gained mutation: Your magical capacity is very low. (-20%
                  | MP) [a neqoxec]
 40800 | Abyss:2  | Gained mutation: Scrolls take you a little longer to read.
                  | [a neqoxec]
 40803 | Elf:3    | Escaped the Abyss
 40804 | Elf:3    | Lost mutation: Scrolls take you a little longer to read.
                  | [potion of mutation]
 40804 | Elf:3    | Lost mutation: Your magical capacity is very low. (-20% MP)
                  | [potion of mutation]
 40804 | Elf:3    | Lost mutation: Your magical capacity is low. (-10% MP)
                  | [potion of mutation]
 40804 | Elf:3    | Gained mutation: You are frail. (-10% HP) [potion of
                  | mutation]
 40804 | Elf:3    | Gained mutation: You have large cloven feet. [potion of
                  | mutation]
 40804 | Elf:3    | Gained mutation: You have sharp fingernails. [potion of
                  | mutation]
 40806 | Elf:3    | Noticed an Ice Fiend
 40807 | Elf:3    | Identified the +4 robe of the Boiling Point {Str+2}
 40807 | Elf:3    | Identified the ring "Kuqileto" {Int+7 SInv}
 42194 | Elf:3    | Identified the ring of Tefak {Ice Str+2}
 42476 | Elf:3    | Reached XP level 20. HP: 47/142 MP: 23/36
 43088 | Elf:3    | Engulfed by a deep elf elementalist's freezing vapour

Skill      XL: |  1  2  3  4  5  6  7  8  9 10 11 12 13 14 15 16 17 18 19 |
---------------+----------------------------------------------------------+-----
Invocations    | 1 2 3 4 5 6 7 8 9 10 11 12 13 | 13.6
Short Blades   | 1 2 3 4 5 6 7 8 9 10 11 12 | 12.6
Axes           | 1 2 3 4 5 6 7 8 9 10 11 12 | 12.6
Maces & Flails | 1 2 3 4 5 6 7 8 9 10 11 12 | 12.6
Polearms       | 1 2 3 4 5 6 7 8 9 10 11 12 | 12.6
Staves         | 1 2 3 4 5 6 7 8 9 10 11 12 | 12.6
Slings         | 1 2 3 4 5 6 7 8 9 10 11 12 | 12.6
Bows           | 1 2 3 4 5 6 7 8 9 10 11 12 | 12.6
Crossbows      | 1 2 3 4 5 6 7 8 9 10 11 12 | 12.6
Throwing       | 1 2 3 4 5 6 7 8 9 10 11 12 | 12.6
Dodging        | 1 2 3 4 5 6 7 8 9 10 11 12 | 12.6
Stealth        | 1 2 3 4 5 6 7 8 9 10 11 12 | 12.6
Unarmed Combat | 1 2 3 4 5 6 7 8 9 10 11 12 | 12.6
Spellcasting   | 1 2 3 4 5 6 7 8 9 10 11 12 | 12.6
Evocations     | 1 2 3 4 5 6 7 8 9 10 11 12 | 12.6
Conjurations   | 1 2 3 4 5 6 7 8 9 10 | 10.8
Hexes          | 1 2 3 4 5 6 7 8 9 10 | 10.8
Charms         | 1 2 3 4 5 6 7 8 9 10 | 10.8
Summonings     | 1 2 3 4 5 6 7 8 9 10 | 10.8
Necromancy     | 1 2 3 4 5 6 7 8 9 10 | 10.8
Translocations | 1 2 3 4 5 6 7 8 9 10 | 10.8
Transmutations | 1 2 3 4 5 6 7 8 9 10 | 10.8
Fire Magic     | 1 2 3 4 5 6 7 8 9 10 | 10.8
Ice Magic      | 1 2 3 4 5 6 7 8 9 10 | 10.8
Air Magic      | 1 2 3 4 5 6 7 8 9 10 | 10.8
Earth Magic    | 1 2 3 4 5 6 7 8 9 10 | 10.8
Poison Magic   | 1 2 3 4 5 6 7 8 9 10 | 10.8
Long Blades    | 5 6 7 8 9 10 11 12 13 | 13.3
Fighting       | 7 8 9 10 11 12 13 | 13.9
Armour         | 7 8 9 10 11 12 13 | 13.9
Shields        | 7 8 9 10 11 12 13 | 13.9

Action                   |  1- 3 |  4- 6 |  7- 9 | 10-12 | 13-15 | 16-18 | 19-21 || total
-------------------------+-------+-------+-------+-------+-------+-------+-------++-------
Melee: Long sword        |    46 |   121 |       |       |       |       |       ||   167
       Bite              |     3 |    28 |    40 |   117 |   292 |   252 |   117 ||   849
       Flail             |       |    97 |    42 |       |       |       |       ||   139
       War axe           |       |       |   231 |   540 |  1410 |   961 |   266 ||  3408
       Demon blade       |       |       |       |       |       |   237 |   368 ||   605
Throw: Tomahawk          |       |     1 |     1 |    38 |    96 |    38 |   108 ||   282
Invok: Potion Petition   |       |       |       |     1 |       |     1 |       ||     2
       Call Merchant     |       |       |       |     2 |     1 |     3 |       ||     6
Evoke: Wand              |       |       |       |    15 |    18 |     8 |    39 ||    80
  Use: Scroll            |       |       |     8 |     7 |     8 |     7 |     6 ||    36
       Potion            |       |       |     1 |     4 |     2 |    10 |     5 ||    22
 Stab: Distracted        |       |       |     3 |     6 |    21 |    11 |     2 ||    43
       Paralysed         |       |       |       |     4 |       |       |       ||     4
       Sleeping          |       |       |       |     3 |     7 |     9 |       ||    19
       Petrified         |       |       |       |       |     4 |     1 |       ||     5
  Eat: Chunk             |       |     9 |       |       |       |       |       ||     9
       Ration            |       |       |     5 |     7 |    12 |     8 |     6 ||    38
Armor: Scale mail        |    15 |    89 |    89 |   164 |   160 |       |       ||   517
       Chain mail        |       |       |       |       |   322 |   337 |   217 ||   876
Dodge: Dodged            |     6 |    82 |   120 |   283 |   781 |   469 |   244 ||  1985
Block: Shield            |    24 |   142 |   192 |   369 |   947 |   781 |   416 ||  2871
       Rpst.: Long sword |       |    14 |       |       |       |       |       ||    14
       Demon blade       |       |       |       |       |       |    12 |    17 ||    29
